 Dungeon Crawl Stone Soup version 0.21.0-30-g47ce8e4 (webtiles) character file.

14455 Monsterracer the Grappler (level 11, -3/95 HPs)
             Began as a Grey Draconian Skald on Jan 28, 2018.
             Was a High Priest of Makhleb.
             Killed from afar by a wizard (39 damage)
             ... with a bolt of cold
             ... on level 11 of the Dungeon.
             The game lasted 00:26:36 (15966 turns).

Monsterracer the Grappler (Grey Draconian Skald)   Turns: 15966, Time: 00:26:36

Health: -3/95      AC: 11    Str: 20    XL:     11   Next: 88%
Magic:  16/17      EV: 16    Int: 17    God:    Makhleb [*****.]
Gold:   636        SH:  0    Dex: 13    Spells: 10/16 levels left

rFire    . . .     SeeInvis .     - Unarmed
rCold    . . .     Gourm    .   (no shield)
rNeg     . . .     Faith    .   (armour unavailable)
rPois    .         Spirit   .   (helmet restricted)
rElec    .         Reflect  .   (no cloak)
rCorr    .         Harm     .   E - -2 pair of gloves (curse)
MR       .....                  (no boots)
Stlth    +.........             z - amulet of regeneration
HPRegen  0.65/turn              r - +3 ring of dexterity
MPRegen  0.15/turn              A - +6 ring of strength

@: no status effects
A: walk through water, unfitting armour, unbreathing, cold-blooded, AC +12
a: Minor Destruction, Lesser Servant of Makhleb, Major Destruction, Greater
Servant of Makhleb, Renounce Religion


You were on level 11 of the Dungeon.
You worshipped Makhleb.
Makhleb was extremely pleased with you.
You were not hungry.

You visited 2 branches of the dungeon, and saw 12 of its levels.
You also visited: Ossuary.

You collected 705 gold pieces.
You spent 69 gold pieces at shops.

Inventory:

Missiles
 y - 2 throwing nets (quivered)
Armour
 l - a +0 large shield
 E - a cursed -2 pair of gloves (worn)
Jewellery
 r - a +3 ring of dexterity (left hand)
 v - an uncursed ring of ice
 z - an amulet of regeneration (around neck)
 A - a +6 ring of strength (right hand)
Wands
 i - a wand of acid (8)
 p - a wand of scattershot (8)
 u - a wand of paralysis (10)
 C - a wand of flame (25)
Scrolls
 d - 5 scrolls of magic mapping {!r}
 g - 2 scrolls of remove curse
 n - 4 scrolls of teleportation
 s - a scroll of blinking
 t - 2 scrolls of fear {!r}
 B - a scroll of amnesia
Potions
 a - 2 potions of flight
 b - 2 potions of magic
 e - 2 potions of heal wounds
 f - 3 potions of lignification
 h - 5 potions of ambrosia {!q}
 j - 6 potions of curing
 k - 2 potions of agility
 m - 2 potions of brilliance
 o - 4 potions of haste
 q - a potion of cancellation
 w - 2 potions of might
 x - 2 potions of mutation {unknown}
Comestibles
 c - 32 rations


   Skills:
 + Level 8.6 Fighting
 + Level 7.2 Dodging
 * Level 11.6 Unarmed Combat
 - Level 3.0 Spellcasting
 + Level 7.4 Charms
 - Level 3.2 Necromancy
 + Level 8.1 Invocations


You had 10 spell levels left.
You knew the following spells:

 Your Spells              Type           Power        Failure   Level  Hunger
a - Infusion              Chrm           ####         1%          1    None
h - Song of Slaying       Chrm           ####....     1%          2    ##.....
j - Regeneration          Chrm/Necr      ###.......   6%          3    ###....


Dungeon Overview and Level Annotations

Branches:
Dungeon (11/15)            Temple (1/1) D:5            Lair (0/6) D:11
    Orc: D:9-12

Altars:
Elyvilon
Fedhas
Hepliaklqana
Kikubaaqudgha
Makhleb
Nemelex Xobeh
Ru
Trog
Uskayaw
Wu Jian
Yredelemnul
Zin
The Shining One
Beogh

Shops:
D:4 *


Innate Abilities, Weirdness & Mutations

You can walk through water.
Your dull iron-grey scales are very hard. (AC +12)
You cannot fit into any form of body armour.
You can survive without breathing.
You are cold-blooded and may be slowed by cold attacks.


Message History

The meliai zombie misses you. The meliai zombie closely misses you.
You punch the meliai zombie!
You destroy the meliai zombie!
Makhleb accepts your kill.
You feel better.
You regained 13 hp, and now have 92/95 hp.
No target in view!
No target in view!
HP restored.
Found a scroll of vulnerability.
Health restored: 95 A centaur warrior comes into view.
It is wielding a scimitar.
The centaur warrior moves out of view.
You start waiting.
The centaur warrior unwields an uncursed scimitar.
The centaur warrior wields a shortbow.
The centaur warrior shoots an arrow.
The arrow hits you!
You hear a shout!
You take 17 damage, and have 78/95 hp.
A wizard comes into view.
It is wielding a quarterstaff of protection.
The wizard shouts!
You hear a bark!
You hear a shout!
The wizard moves out of view.
The centaur warrior shoots an arrow.
The arrow closely misses you.
A hound comes into view.
The centaur warrior shoots an arrow.
The arrow hits you!
The wizard mumbles some strange words.
The wizard seems to speed up.
A cyclops comes into view.
You see here an arrow.
You take 13 damage, and have 66/95 hp.
The centaur warrior unwields an uncursed shortbow.
The centaur warrior wields an uncursed scimitar.
The centaur warrior hits you but does no damage.
Press: ? - help, v - describe, . - travel The floor.
A demon appears!
The centaur warrior barely misses you.
The hound bites your cacodemon but does no damage.
The wizard casts a spell at you. The crystal spear hits you!
* * * LOW HITPOINT WARNING * * *
The centaur warrior hits you but does no damage.
The hound bites your cacodemon.
An efreet comes into view. It is wielding a scimitar of flaming.
You take 39 damage, and have 28/95 hp.
MASSIVE DAMAGE!!
The centaur warrior unwields an uncursed scimitar.
The centaur warrior wields an uncursed shortbow.
The centaur warrior shoots an arrow.
The arrow hits you!
* * * LOW HITPOINT WARNING * * *
The cyclops throws a large rock.
The large rock barely misses you.
Your cacodemon hits the hound. Your cacodemon hits the hound!
You see here 2 arrows.
You take 11 damage, and have 17/95 hp.
You see here a large rock.
As you read the scroll of teleportation, it crumbles to dust.
You feel strangely unstable.
The wizard says, "Argatax netranoch dertex."
The cyclops throws a large rock.
The large rock closely misses you.
Your cacodemon misses the centaur warrior.
Your cacodemon hits the centaur warrior.
Your cacodemon gestures at the centaur warrior.
The centaur warrior seems to slow down.
The hound misses you.
Your cacodemon gestures at the centaur warrior.
The centaur warrior seems to slow down.
Your surroundings suddenly seem different.
Casting: Infusion
Confirm with . or Enter, or press ? or * to list all spells.
Your skin crawls.
You are feeling hungry.
You regained 2 hp, and now have 23/95 hp.
You now have 14/17 mp.
You start resting.
Eating a chunk of flesh.
You eat the chunk of flesh.
This raw flesh tastes terrible.
Your skin is crawling a little less now.
You regained 10 hp, and now have 33/95 hp.
You regained 2 hp, and now have 36/95 hp.
Your skin stops crawling.
Evoke which item? (* to show all) (? for menu, Esc to quit)
Okay, then.
Press: ? - help, Shift-Dir - straight line, f - wizard
Aim: a wizard, wielding a quarterstaff of protection and wearing a leather armour (fast)
The zap hits the wizard.
The wizard is lightly wounded.
The zap misses the wizard.
The wizard wildly gestures.
The wizard's hands start to glow.
Press: ? - help, Shift-Dir - straight line, f/p - wizard
Aim: a wizard, wielding a quarterstaff of protection and wearing a leather armour (lightly wounded, fast)
The glob of acid misses the wizard.
You take 1 damage, and have 37/95 hp.
Press: ? - help, Shift-Dir - straight line, f/p - wizard
Aim: a wizard, wielding a quarterstaff of protection and wearing a leather armour (lightly wounded, fast)
The wizard resists with some effort.
The wizard misses you.
Press: ? - help, Shift-Dir - straight line, f/p - wizard
Aim: a wizard, wielding a quarterstaff of protection and wearing a leather armour (fast)
The zap hits the wizard.
The wizard is lightly wounded.
The wizard casts a spell at you. The bolt of cold hits you!
You die...

#...............
#...............
##########..(###.#
#.......p....# .#
#.############ #.#
#.# #p# #@# #.#
#.# ..# ###


You could see a wizard.

Vanquished Creatures
  Erolcha (D:9)
  5 two-headed ogres
  Pikel (D:8)
  A kobold demonologist (D:11)
  A troll (D:10)
  A tengu conjurer (D:10)
  A hornet (D:6)
  2 hippogriffs
  A meliai zombie (D:11)
  The ghost of xight the Magician, an amateur DEFE (D:5)
  A wyvern (D:10)
  6 yaks (D:9)
  A shadow (D:7)
  Grum (D:8)
  A vampire mosquito (D:10)
  A hornet zombie (D:10)
  7 orc warriors
  A black bear (D:9)
  3 ice beasts
  3 sky beasts
  2 necrophages
  6 ogres
  2 wolves (D:8)
  The ghost of tidbits the Insei, an amateur GnTm of Cheibriados (D:4)
  12 centaurs
  A crocodile (D:11)
  4 big kobolds
  2 gnoll sergeants
  4 bullfrogs
  A scorpion (D:8)
  A wyvern skeleton (D:7)
  A water moccasin skeleton (D:6)
  15 killer bees
  3 wights (D:7)
  2 vampire bats (D:6)
  2 crimson imps
  A bullfrog zombie (D:11)
  2 centaur zombies
  2 quasits
  2 human zombies (Ossuary)
  2 jellies
  5 orc priests
  2 bullfrog skeletons
  6 gnoll shamans
  9 hounds
  7 orc wizards
  2 iguanas
  5 worker ants
  A hound skeleton (D:4)
  5 mummies (Ossuary)
  A howler monkey zombie (D:5)
  A worker ant zombie (D:5)
  39 gnolls
  12 adders
  2 shadow imps (D:7)
  5 oozes
  An adder skeleton (D:5)
  3 adder zombies
  3 worms
  4 leopard geckos
  42 orcs
  3 bat skeletons (D:6)
  3 bat zombies (D:6)
  2 giant cockroaches
  3 gnoll zombies (Ossuary)
  15 goblins
  10 hobgoblins
  31 jackals
  25 kobolds
  3 quokkas
  11 bats
  10 frilled lizards
  2 orc zombies (Ossuary)
  A quokka zombie (D:9)
  6 rats
388 creatures vanquished.

Vanquished Creatures (others)
  A slave (D:8)
  A killer bee (D:8)
  A plant (D:6)
3 creatures vanquished.

Grand Total: 391 creatures vanquished

Notes
Turn   | Place    | Note
-------+----------+-------------------------------------------
     0 | D:1      | Monsterracer the Draconian Skald began the quest for the Orb.
     0 | D:1      | Reached XP level 1. HP: 17/17 MP: 3/3
   156 | D:1      | Reached XP level 2. HP: 22/24 MP: 0/5
   174 | D:1      | Learned a level 2 spell: Song of Slaying
   225 | D:1      | Reached skill level 3 in Unarmed Combat
   588 | D:1      | Reached XP level 3. HP: 28/29 MP: 6/6
   593 | D:1      | Learned a level 3 spell: Regeneration
  1112 | D:2      | HP: 14/29 [poisoned by an adder]
  1117 | D:2      | HP: 11/29 [poisoned by an adder]
  1123 | D:2      | HP: 9/29 [poisoned by an adder]
  1131 | D:2      | HP: 8/29 [poisoned by an adder]
  1139 | D:2      | HP: 6/29 [poisoned by an adder]
  1392 | D:2      | Found a burning altar of Makhleb.
  1398 | D:2      | Reached skill level 4 in Unarmed Combat
  1406 | D:2      | Became a worshipper of Makhleb the Destroyer
  1581 | D:2      | Reached XP level 4. HP: 35/36 MP: 3/7
  2238 | D:3      | HP: 18/36 [poisoned by an adder]
  2493 | D:3      | HP: 18/36 [worm (5)]
  2498 | D:3      | HP: 12/36 [poisoned by an adder]
  2504 | D:3      | HP: 16/36 [poisoned by an adder]
  2512 | D:3      | HP: 16/36 [poisoned by an adder]
  2520 | D:3      | HP: 15/36 [poisoned by an adder]
  2538 | D:3      | HP: 12/36 [worm (5)]
  2539 | D:3      | Reached skill level 5 in Unarmed Combat
  3093 | D:3      | Reached XP level 5. HP: 36/41 MP: 2/8
  3291 | D:3      | Reached * piety under Makhleb
  3731 | D:3      | Noticed an ogre
  3742 | D:3      | Reached skill level 1 in Invocations
  3791 | D:3      | HP: 21/42 [ogre/giant club (21)]
  3795 | D:3      | Killed an ogre
  3795 | D:3      | Reached XP level 6. HP: 26/50 MP: 0/9
  3796 | D:3      | HP: 24/50 [goblin/club (2)]
  3802 | D:3      | HP: 24/50 [goblin/club (1)]
  3809 | D:3      | HP: 23/50 [goblin (2)]
  3818 | D:3      | HP: 20/50 [goblin (4)]
  4269 | D:4      | Found a sand-covered staircase.
  4334 | Ossuary  | Entered an ossuary
  4609 | Ossuary  | Reached ** piety under Makhleb
  4630 | Ossuary  | HP: 23/51 [mummy (7)]
  4637 | Ossuary  | HP: 11/51 [mummy (17)]
  4638 | Ossuary  | HP: 4/51 [mummy (7)]
  5002 | Ossuary  | Reached skill level 6 in Unarmed Combat
  5060 | D:4      | Found Helivuso's Assorted Antiques.
  5061 | D:4      | Noticed tidbits's ghost (amateur GnTm)
  5077 | D:4      | HP: 20/51 [tidbits's ghost (7)]
  5079 | D:4      | Killed tidbits's ghost
  5079 | D:4      | Your scales start taking on a dull iron-grey colour.
  5079 | D:4      | Reached XP level 7. HP: 22/57 MP: 1/10
  5079 | D:4      | Gained mutation: You can survive without breathing. [Grey Draconian growth]
  5269 | D:4      | Bought an inky potion for 22 gold pieces
  5269 | D:4      | Bought a scroll labeled VIUNI CICZE for 25 gold pieces
  5269 | D:4      | Bought a murky orange potion for 22 gold pieces
  5626 | D:4      | Noticed a hand axe
  5626 | D:4      | Found a hide-covered altar of Uskayaw.
  5627 | D:4      | Noticed a hand axe
  5830 | D:5      | Entered Level 5 of the Dungeon
  5854 | D:5      | Found a staircase to the Ecumenical Temple.
  6075 | Temple   | Entered the Ecumenical Temple
  6131 | D:6      | HP: 26/58 [centaur (3)]
  6320 | D:6      | Found an ancient bone altar of Kikubaaqudgha.
  6392 | D:6      | Reached XP level 8. HP: 59/66 MP: 11/11
  6457 | D:6      | Reached skill level 7 in Unarmed Combat
  6839 | D:5      | Noticed xight's ghost (amateur DEFE)
  6843 | D:5      | Killed xight's ghost
  6943 | D:5      | Found a burning altar of Makhleb.
  6950 | D:5      | Got a translucent whip
  6991 | D:5      | Reached *** piety under Makhleb
  7493 | D:5      | Reached skill level 5 in Fighting
  7493 | D:5      | Reached skill level 8 in Unarmed Combat
  7496 | D:5      | HP: 28/68 [gnoll/spear (8)]
  7502 | D:5      | HP: 24/68 [gnoll shaman/club (7)]
  7508 | D:5      | HP: 18/68 [gnoll/spear (7)]
  8553 | D:6      | Found a basalt altar of Yredelemnul.
  8679 | D:6      | Reached XP level 9. HP: 73/73 MP: 12/12
  8689 | D:6      | Reached **** piety under Makhleb
  9102 | D:6      | Reached skill level 5 in Charms
  9110 | D:6      | HP: 31/73 [orc warrior/trident (18)]
  9116 | D:6      | HP: 31/73 [orc warrior/trident (6)]
  9411 | D:6      | Reached skill level 5 in Invocations
  9538 | D:6      | Reached skill level 5 in Dodging
  9817 | D:7      | HP: 30/74 [hornet (9)]
  9817 | D:7      | Paralysed by a hornet for 1 turns
  9819 | D:6      | HP: 14/74 [kobold/short sword (2)]
  9819 | D:6      | HP: 4/74 [hornet (10)]
  9823 | D:6      | Reached skill level 9 in Unarmed Combat
 10031 | D:6      | HP: 30/75 [hippogriff (9)]
 10264 | D:6      | Reached skill level 1 in Necromancy
 10444 | D:7      | HP: 37/75 [shadow (7)]
 10447 | D:7      | Reached XP level 10. HP: 42/84 MP: 11/14
 10502 | D:7      | HP: 40/84 [killer bee (6)]
 10507 | D:7      | HP: 32/84 [poisoned by a killer bee]
 10513 | D:7      | HP: 32/84 [poisoned by a killer bee]
 10518 | D:7      | HP: 33/84 [poisoned by a killer bee]
 10525 | D:7      | HP: 36/84 [poisoned by a killer bee]
 10533 | D:7      | HP: 39/84 [poisoned by a killer bee]
 10728 | D:7      | Paralysed by a centaur for 4 turns
 10734 | D:7      | Reached ***** piety under Makhleb
 11468 | D:8      | Found a hazy altar of Hepliaklqana.
 11502 | D:8      | HP: 38/84 [gnoll sergeant/spear (5)]
 11508 | D:8      | HP: 36/84 [gnoll/halberd (1)]
 11515 | D:8      | HP: 31/84 [gnoll/halberd (9)]
 11741 | D:8      | Noticed Pikel
 11770 | D:8      | Killed Pikel
 11956 | D:8      | Found a sacrificial altar of Ru.
 11956 | D:8      | Found a blossoming altar of Fedhas.
 11956 | D:8      | Noticed Grum
 11968 | D:8      | Reached skill level 10 in Unarmed Combat
 11975 | D:8      | HP: 35/84 [Grum/spear (15)]
 11977 | D:8      | Killed Grum
 12361 | D:8      | You fall through a shaft for 2 floors!
 12361 | D:10     | Entered Level 10 of the Dungeon
 12402 | D:10     | HP: 64/129 [killer bee (2)]
 12407 | D:10     | HP: 54/129 [poisoned by a killer bee]
 12410 | D:10     | Noticed a two-headed ogre
 12412 | D:10     | HP: 47/129 [poisoned by a killer bee]
 12417 | D:10     | HP: 32/129 [poisoned by a killer bee]
 12418 | D:10     | Killed a two-headed ogre
 12422 | D:10     | HP: 47/129 [poisoned by a killer bee]
 12428 | D:10     | HP: 50/129 [poisoned by a killer bee]
 12435 | D:10     | HP: 50/129 [poisoned by a killer bee]
 12442 | D:10     | HP: 58/129 [poisoned by a killer bee]
 12552 | D:10     | HP: 33/86 [troll (14)]
 12648 | D:9      | Noticed Erolcha
 12666 | D:9      | Killed Erolcha
 12666 | D:9      | Reached XP level 11. HP: 89/92 MP: 16/16
 13713 | D:9      | Noticed a two-headed ogre
 13720 | D:9      | Killed a two-headed ogre
 13784 | D:9      | Found a burning altar of Makhleb.
 13794 | D:9      | HP: 41/93 [centaur/arrow (6)]
 13797 | D:9      | HP: 17/93 [centaur/arrow (11)]
 13799 | D:9      | HP: 4/93 [centaur/arrow (11)]
 13989 | D:9      | Found a glowing silver altar of Zin.
 13989 | D:9      | Found a glowing golden altar of the Shining One.
 13990 | D:9      | Found a white marble altar of Elyvilon.
 14066 | D:9      | Found an ornate altar of the Wu Jian Council.
 14082 | D:9      | HP: 46/93 [poisoned by a killer bee]
 14159 | D:9      | Noticed a two-headed ogre
 14182 | D:9      | Killed a two-headed ogre
 14182 | D:9      | Reached skill level 11 in Unarmed Combat
 14246 | D:9      | Found a roughly hewn altar of Beogh.
 15631 | D:11     | Reached ****** piety under Makhleb
 15655 | D:11     | Noticed a two-headed ogre
 15672 | D:11     | HP: 39/94 [two-headed ogre/dire flail (10)]
 15674 | D:11     | Killed a two-headed ogre
 15691 | D:11     | Noticed a purple ugly thing
 15742 | D:11     | Found a staircase to the Lair.
 15742 | D:11     | Noticed a two-headed ogre
 15749 | D:10     | HP: 46/95 [two-headed ogre/giant club (6)]
 15754 | D:10     | Killed a two-headed ogre
 15937 | D:11     | Noticed a centaur warrior
 15940 | D:11     | Noticed a wizard
 15943 | D:11     | HP: 28/95 [wizard/crystal spear (30)]
 15966 | D:11     | Killed from afar by a wizard

Skill      XL: |  1  2  3  4  5  6  7  8  9 10 11 |
---------------+----------------------------------+-----
Unarmed Combat | 3 4 5 6 8 9 10 11 | 11.6
Invocations    | 1 2 3 4 5 6 8 |  8.1
Charms         | 3 4 5 6 7 |  7.4
Fighting       | 3 4 5 6 7 8 |  8.6
Dodging        | 3 4 5 6 7 |  7.2
Necromancy     | 1 3 |  3.2
Spellcasting   | 3 |  3.0

Action                   |  1- 3 |  4- 6 |  7- 9 | 10-12 || total
-------------------------+-------+-------+-------+-------++-------
Melee: Unarmed           |   156 |   300 |   553 |   535 ||  1544
       Tailslap          |    12 |    25 |    74 |    76 ||   187
       Punch             |     2 |     7 |    21 |    27 ||    57
Throw: Throwing net      |       |       |       |     2 ||     2
 Cast: Infusion          |     9 |    19 |    18 |    13 ||    59
       Regeneration      |       |     4 |    11 |    27 ||    42
       Song of Slaying   |       |     1 |    15 |     4 ||    20
Invok: Minor Destruction |       |     3 |    35 |    87 ||   125
       Greater Servant o |       |       |       |     1 ||     1
Evoke: Wand              |       |       |       |     1 ||     1
  Use: Scroll            |       |    14 |     4 |     7 ||    25
       Potion            |       |     1 |     2 |     1 ||     4
 Stab: Sleeping          |     1 |       |       |       ||     1
  Eat: Chunk             |     2 |    10 |    21 |    20 ||    53
       Ration            |       |     1 |       |     1 ||     2
Armor: Skin              |    56 |    74 |   215 |   267 ||   612
Dodge: Dodged            |   112 |   148 |   449 |   603 ||  1312

Vault maps used:
D:1:      minmay_arrival_doors, minmay_pentomino_o4
D:2:      overflow_temple_1_default
D:3:      minmay_misc_feat_nine_boxes, minmay_ogre_servants
D:4:      dancing_weapons_uskayaw, serial_shops, nicolae_shop_trees,
          chequers_ossuary_entry_cave, first_ration
D:5:      lemuel_castle_with_subvaults, temple_fountains, bloody_makhleb
D:6:      kennysheep_housing_project, kennysheep_vampire_church,
          yredelemnul_altar_generic
D:8:      lemuel_round_altar, gammafunk_temple_overflow_statue, uniq_pikel,
          uniq_grum
D:9:      good_gods_mini_temple, kennysheep_little_box, special_room,
          lemuel_centaur_altar, uniq_erolcha
D:10:     grunt_tengu_nest
D:11:     minmay_the_grid_square_5x5_5x5, lair_entry_dummy,
          minmay_tree_intersection, hangedman_abyss_or_decor_clamps,
          uniq_nergalle, uniq_fannar, uniq_harold
Temple:   nicolae_temple_hex_pool
Ossuary:  ossuary_crypta
